 Dungeon Crawl Stone Soup version 0.26.1-11-gd32895ea62 (webtiles) character file.

Game seed: 7570197373723806702

32 ubername the Magician (level 3, -2/24 HPs)
             Began as a Barachi Hedge Wizard on July 10, 2021.
             Killed by divine providence
             ... invoked by an orc priest
              (12 damage)
             ... on level 1 of the Dungeon.
             The game lasted 00:04:30 (1216 turns).

ubername the Magician (Barachi Hedge Wizard)        Turns: 1216, Time: 00:04:30

Health: -2/24      AC:  3    Str: 11    XL:     3   Next: 27%
Magic:  0/8        EV: 12    Int: 15    God:
Gold:   49         SH:  0    Dex: 11    Spells: 6/9 levels left

rFire    . . .     SeeInvis .   a - +0 dagger
rCold    . . .     Faith    .   (no shield)
rNeg     . . .     Spirit   +   m - +1 robe
rPois    .         Reflect  .   c - +0 hat
rElec    .         Harm     .   (no cloak)
rCorr    .         Rampage  .   (no gloves)
Will     .....                  (no boots)
Stlth    ++........             g - amulet of guardian spirit
HPRegen  0.08/turn              (no ring)
MPRegen  0.11/turn              (no ring)

@: slow
A: +LOS, swims, slowness 1, strong legs 1
a: Hop


You were on level 1 of the Dungeon.
You visited 1 branch of the dungeon, and saw 2 of its levels.

You collected 49 gold pieces.

Inventory:

Hand Weapons
 a - a +0 dagger (weapon)
 b - a +0 hunting sling
Missiles
 h - 4 poisoned darts (quivered)
 k - 31 stones
Armour
 c - a +0 hat (worn)
 m - a +1 robe (worn)
Jewellery
 e - an uncursed ring of ice
 g - an amulet of guardian spirit (around neck)
Scrolls
 d - 2 scrolls of teleportation
Potions
 f - a potion of haste {unknown}


   Skills:
 + Level 0.9 Short Blades
 + Level 0.7 Slings
 + Level 2.5 Dodging
 + Level 1.9 Stealth
 + Level 3.9 Spellcasting
 + Level 1.1 Conjurations
 + Level 1.2 Summonings
 + Level 1.1 Translocations


You had 6 spell levels left.
You knew the following spells:

 Your Spells              Type           Power        Failure   Level
a - Magic Dart            Conj           24%          12%         1
b - Call Imp              Summ           6%           17%         2

Your spell library contained the following spells:

 Spells                   Type           Power        Failure   Level
 Blink                    Tloc           N/A          17%         2
 Slow                     Hex            2%           28%         2
 Conjure Flame            Conj/Fire      4%           41%         3
 Mephitic Cloud           Conj/Pois/Air  4%           43%         3


Dungeon Overview and Level Annotations

Branches:
Dungeon (2/15)

Altars:


Innate Abilities, Weirdness & Mutations

You can be seen from farther away. (+LOS)
You can swim through water.
You cover ground slowly.
You can hop short distances.


Message History

Press: ? - help, Shift-Dir - straight line, f - orc priest
Aim: an orc priest, wielding a +0 falchion and wearing a +0 ring mail (moderately wounded, 0% to evade)
The magic dart hits the orc priest but does no damage.
The orc priest is moderately wounded.
The orc priest calls down the wrath of Beogh upon you.
Beogh smites you!
Casting: Magic Dart (safe; 12% risk of failure)
Confirm with . or Enter, or press ? or * to list all spells.
Aiming: Magic Dart (safe; 12% risk of failure)
Press: ? - help, Shift-Dir - straight line, f/p - orc priest
Aim: an orc priest, wielding a +0 falchion and wearing a +0 ring mail (moderately wounded, 0% to evade)
The magic dart hits the orc priest but does no damage.
The orc priest is moderately wounded.
The orc priest hits you with a +0 falchion.
You hit the orc priest but do no damage.
The orc priest is moderately wounded.
The orc priest calls down the wrath of Beogh upon you.
Beogh smites you!
Ouch! That really hurt!
You die...

###### ####.##.## #....##..#
#..##..### ####### #..##>.###
#.....# #....##..# #.....#
#o.#.##.## #.....###.@......#
#......##........#
#..#.............# ####
##....#.##........#
.).###...###.######.#############
##..)...## #....###.............#
##..##.#######..#..........###.#
###..##.......##............# #.#
........#####...#...........# #.#


You could see an orc priest.

Vanquished Creatures
  A dart slug (D:1)
  4 bats
  2 giant cockroaches
  2 goblins (D:1)
  7 hobgoblins (D:1)
  A jackal (D:1)
  6 kobolds (D:1)
  3 rats (D:1)
26 creatures vanquished.

Notes
Turn   | Place    | Note
-------+----------+-------------------------------------------
     0 | D:1      | ubername the Barachi Hedge Wizard began the quest for the
                  | Orb.
     0 | D:1      | Reached XP level 1. HP: 13/13 MP: 4/4
   198 | D:1      | Reached XP level 2. HP: 19/19 MP: 1/6
   775 | D:1      | Reached XP level 3. HP: 24/24 MP: 6/8
   778 | D:1      | Learned a level 2 spell: Call Imp
  1216 | D:1      | Killed from afar by an orc priest

Illustrated notes

Levels and vault maps discovered:
D:1:      minmay_arrival_nine_rooms, layout_rooms, st_stairs_7
D:2:      layout_rooms, nemelex_xobeh_ov_fountains_minmay

Action                   || total
-------------------------++-------
Melee: Dagger            ||    50
 Fire: Hunting sling     ||    24
Throw: Dart              ||     9
 Cast: Magic Dart        ||    32
  Use: Scroll            ||     5
       Potion            ||     2
Armor: Robe              ||    12
Dodge: Dodged            ||    49
